 Dungeon Crawl Stone Soup version 0.31.0-32-g396128a36d (webtiles) character file.

Game seed: 10433309987538105503

17082 PaiMei the Merchant of Misery (level 12, -6/97 HPs)
             Began as a Demonspawn Necromancer on Mar 14, 2024.
             Was a Believer of Kikubaaqudgha.
             Drowned by a water elemental (12 damage)
             ... on level 2 of the Lair of Beasts.
             The game lasted 00:20:46 (18681 turns).

PaiMei the Merchant of Misery (DsNe)               Turns: 18681, Time: 00:20:47

Health: -6/97      AC:  9    Str: 10    XL:     12   Next: 15%
Magic:  34/34      EV: 15    Int: 20    God:    Kikubaaqudgha [**....]
Gold:   682        SH:  4    Dex: 13    Spells: 11/30 levels left

rFire   + . .        D - +3 mace (freeze)
rCold   . . .        L - +0 buckler
rNeg    . . .        G - +2 robe {rF+}
rPois   .            (no helmet)
rElec   .            e - +2 cloak
rCorr   .            A - +1 pair of gloves
SInv    +            (no boots)
Will    +....        (no amulet)
Stlth   ++           t - ring of see invisible
HPRegen 0.36/turn    z - ring of magical power
MPRegen 0.24/turn

%: no passive effects
@: marked, engulfed (cannot breathe)
A: hooves 2, foul stench 1, demonic magic 1, demonic willpower, weakness stinger
2, demonic touch 2
a: Renounce Religion, Unearth Wretches


You were on level 2 of the Lair of Beasts.
You worshipped Kikubaaqudgha.
Kikubaaqudgha was pleased with you.
You visited 3 branches of the dungeon, and saw 13 of its levels.

You collected 682 gold pieces.

Inventory:

Hand Weapons
 D - a +3 mace of freezing (weapon)
 K - a +2 whip of flaming
Missiles
 c - 13 poisoned darts (quivered)
 y - 5 datura-tipped darts
Armour
 e - a +2 cloak (worn)
 A - a +1 pair of gloves (worn)
 G - a +2 robe of fire resistance (worn)
 J - a scarf of invisibility
 L - a +0 buckler (worn)
Jewellery
 a - a ring of positive energy
 t - a ring of see invisible (left hand)
 u - a ring of resist corrosion
 x - a ring of magical power
 z - a ring of magical power (right hand)
 E - an amulet of reflection
Wands
 i - a wand of light (5)
 p - a wand of digging (7)
 r - a wand of polymorph (8)
 C - a wand of iceblast (13)
 I - a wand of charming (11)
Scrolls
 d - 4 scrolls of teleportation
 f - 2 scrolls of enchant armour
 j - 3 scrolls of immolation
 n - 3 scrolls of amnesia
 o - a scroll of revelation
 v - 3 scrolls of vulnerability
 w - a scroll of enchant weapon
 B - 2 scrolls of fog
 F - a scroll of summoning
Potions
 b - 3 potions of magic
 g - a potion of brilliance
 h - 2 potions of attraction
 k - 2 potions of lignification
 l - 4 potions of curing
 m - a potion of ambrosia
 q - a potion of heal wounds
 s - 3 potions of haste
 H - a potion of might
 M - 2 potions of berserk rage


   Skills:
 - Level 10.0 Fighting
 + Level 9.5 Dodging
 - Level 2.0 Stealth
 + Level 0.3 Shields
 + Level 9.6 Spellcasting
 + Level 11.9 Necromancy


You had 11 spell levels left.
You knew the following spells:

 Your Spells              Type           Power      Damage    Failure   Level
a - Necrotise             Necr           100%       1d9       1%          1
b - Vampiric Draining     Necr           55%        2d9       1%          3
c - Animate Dead          Necr           55%        N/A       1%          4
d - Curse of Agony        Necr           55%        N/A       2%          5
e - Dispel Undead         Necr           55%        3d20      1%          4
f - Sublimation of Blood  Necr           55%        N/A       1%          2

Your spell library contained the following spells:

 Spells                   Type           Power      Damage    Failure   Level
 Kiss of Death            Conj/Necr      100%       2d13      1%          1
 Fugue of the Fallen      Necr           55%        N/A       1%          3
 Cigotuvi's Dreadful Rot  Necr/Alch/Air  50%        N/A       3%          2
 Shock                    Conj/Air       36%        1d5       11%         1
 Call Imp                 Summ           18%        N/A       17%         2
 Confusing Touch          Hex            9%         N/A       32%         3
 Ozocubu's Armour         Ice            9%         N/A       32%         3
 Summon Ice Beast         Ice/Summ       9%         N/A       32%         3
 Swiftness                Air            9%         N/A       32%         3
 Airstrike                Air            4%         2d(1-17)  73%         4
 Animate Armour           Summ/Erth      18%        N/A       73%         4
 Manifold Assault         Tloc           9%         N/A       73%         4
 Summon Lightning Spire   Summ/Air       9%         N/A       73%         4
 Lee's Rapid Deconstruct  Erth           4%         3d5*      97%         5
 Summon Mana Viper        Hex/Summ       9%         N/A       97%         5
 Monstrous Menagerie      Summ           4%         N/A       100%        7
 Summon Hydra             Summ           4%         N/A       100%        7


Dungeon Overview and Level Annotations

Branches:
Dungeon (10/15)            Temple (1/1) D:6            Lair (2/5) D:10
 Shoals (0/4) Lair:2
  Snake: Lair:2-3    Spider: Lair:2-3       Orc: D:9-12

Altars:
Ashenzari
Cheibriados
Dithmenos
Fedhas
Gozag
Kikubaaqudgha
Makhleb
Nemelex Xobeh
Okawaru
Qazlal
Ru
Sif Muna
Trog
Uskayaw
Vehumet
Wu Jian
Xom
Yredelemnul

Annotations:
D:10 Urug
Lair:1 exclusion: ice statue


Innate Abilities, Weirdness & Mutations

You have hoof-like feet.
You may rarely emit foul miasma when damaged in melee.
Spells you cast may paralyse adjacent enemies.
You punish those that try to bend your will. (Will+)
You have a tail ending in a sharp stinger.
Your touch may inflict irresistible damage on your foes.


Message History

You hit the water elemental. You freeze the water elemental.
The water elemental is lightly damaged.
Your lungs strain for air!
The water elemental hits you.
You cannot cast spells while unable to breathe!
You barely miss the water elemental.
The water elemental is lightly damaged.
Your lungs strain for air!
The water elemental misses you. The water elemental hits you!
You cannot cast spells while unable to breathe!
You sock the water elemental! You freeze the water elemental.
Your kick misses the water elemental.
You tail-slap the water elemental, but do no damage.
The water elemental is moderately damaged.
Your lungs strain for air!
The water elemental completely misses you.
The snapping turtle misses you.
You hit the water elemental. You freeze the water elemental.
The water elemental is heavily damaged.
Your lungs strain for air!
A bullfrog comes into view.
The water elemental completely misses you.
The water elemental hits you!
* * * LOW HITPOINT WARNING * * *
The snapping turtle bites you from afar!
* * * LOW HITPOINT WARNING * * *
You hit the water elemental. You freeze the water elemental.
You kick the water elemental.
The water elemental is severely damaged.
* * * LOW HITPOINT WARNING * * *
Your lungs strain for air!
The water elemental hits you.
The snapping turtle bites you but does no damage.
The bullfrog hits you.
* * * LOW HITPOINT WARNING * * *
You cannot cast spells while unable to breathe!
You hit the bullfrog.
The bullfrog seems to slow down.
You freeze the bullfrog.
The bullfrog is lightly wounded.
You die...
Kikubaaqudgha rasps: "You have failed me!
Welcome... death!"

## ##...##~~# # ~ #.....#~~#
...... #######~ #..>..#~~##
##....... ....##P~~#.....#~~~#
##........ ###..##~~##...##~~#
##........
###.###~~~##'##~~~####.......#
. .####
#~~~≈.~~~~~~##....[..###.. ##
##~~~.~t~#~##..........#..
#### ####†..E@F.##.#..........
###..# #######.....#.........
##..### ##.....#........ ..###
####.#......... ###
##.##...#... # ####.......
##...... #...... ##. ##
##>....


You could see a snapping turtle, a water elemental and a bullfrog (slow).

Vanquished Creatures
  2 two-headed ogres (D:10)
  A catoblepas (Lair:2)
  A skyshark (Lair:2)
  2 black mambas (Lair:2)
  2 cane toads
  3 komodo dragons
  A rime drake (Lair:1)
  Prince Ribbit (D:5)
  A troll (D:9)
  A wraith (D:9)
  3 wyverns
  35 yaks
  4 steam dragons
  4 vampire mosquitoes (D:10)
  2 water moccasins
  An acid dragon (D:10)
  3 ice beasts
  4 orc warriors
  4 ogres
  4 wolves (Lair:2)
  A phantom (D:5)
  A kobold brigand (D:7)
  3 bullfrogs
  A gnoll sergeant (D:9)
  A scorpion (D:4)
  15 wights
  4 killer bees (D:10)
  3 howler monkeys
  A bombardier beetle (D:7)
  7 hounds
  7 orc priests
  A gnoll bouda (D:9)
  2 iguanas (D:5)
  2 jellies
  A sleepcap (D:8)
  6 orc wizards
  A spriggan simulacrum (Lair:1)
  7 gnolls
  9 adders
  2 shadow imps
  A white imp (D:6)
  2 ufetubi (D:6)
  2 ribbon worms
  4 dart slugs
  15 orcs
  6 ball pythons
  7 endoplasms
  5 giant cockroaches
  4 goblins (D:4)
  11 hobgoblins
  3 jackals (D:2)
  8 quokkas
  2 bats
  6 frilled lizards
  11 kobolds
  2 rats
243 creatures vanquished.

Vanquished Creatures (collateral kills)
  A cane toad (Lair:1)
  Maggie (Lair:2)
  3 yaks
  2 wolves (Lair:2)
  2 bullfrogs
  A scorpion (D:5)
  An endoplasm (D:3)
  2 goblins (D:1)
  3 hobgoblins
  A frilled lizard (D:1)
17 creatures vanquished.

Vanquished Creatures (others)
  A komodo dragon zombie (Lair:1)
  2 wolf zombies (Lair:2)
  An orc wizard (D:8)
4 creatures vanquished.

Grand Total: 264 creatures vanquished

Notes
Turn   | Place    | Note
-------+----------+-------------------------------------------
     0 | D:1      | PaiMei the Demonspawn Necromancer began the quest for the
                  | Orb.
     0 | D:1      | Reached XP level 1. HP: 13/13 MP: 3/3
   136 | D:1      | Gained mutation: Spells you cast may paralyse adjacent
                  | enemies. [demonic ancestry]
   136 | D:1      | Reached XP level 2. HP: 17/19 MP: 0/5
   540 | D:1      | Discovered your monstrous ancestry.
   540 | D:1      | Gained mutation: Your touch may inflict minor irresistible
                  | damage on your foes. [demonic ancestry]
   540 | D:1      | Reached XP level 3. HP: 25/25 MP: 3/6
   655 | D:1      | Learned a level 3 spell: Vampiric Draining
   863 | D:2      | Reached skill level 1 in Fighting
  1640 | D:3      | Gained mutation: You have a small tail. [demonic ancestry]
  1640 | D:3      | Reached XP level 4. HP: 32/32 MP: 4/7
  1807 | D:3      | Reached skill level 5 in Necromancy
  2365 | D:4      | Reached XP level 5. HP: 29/38 MP: 2/9
  2563 | D:4      | Noticed an ogre
  2571 | D:4      | Killed an ogre
  2657 | D:4      | Reached XP level 6. HP: 46/46 MP: 8/10
  3680 | D:5      | Entered Level 5 of the Dungeon
  3840 | D:5      | Reached skill level 6 in Necromancy
  3964 | D:5      | Gained mutation: You have a tail ending in a sharp stinger.
                  | [demonic ancestry]
  3964 | D:5      | Reached XP level 7. HP: 52/52 MP: 8/12
  4159 | D:5      | Noticed Prince Ribbit
  4400 | D:5      | Killed Prince Ribbit
  4401 | D:5      | Gained mutation: You have large cloven feet. [demonic
                  | ancestry]
  4401 | D:5      | Reached XP level 8. HP: 61/61 MP: 3/15
  4633 | D:5      | Reached skill level 7 in Necromancy
  4742 | D:5      | Reached skill level 5 in Spellcasting
  4954 | D:6      | Reached skill level 5 in Dodging
  5166 | D:6      | Found a staircase to the Ecumenical Temple.
  5172 | Temple   | Entered the Ecumenical Temple
  5189 | Temple   | Became a worshipper of Kikubaaqudgha
  5515 | D:6      | Found a sparkling altar of Nemelex Xobeh.
  5594 | D:6      | Reached skill level 5 in Fighting
  5703 | D:6      | Noticed a +0 hand axe
  5704 | D:6      | Noticed a +0 dagger
  5707 | D:6      | Found a hide-covered altar of Uskayaw.
  6520 | D:7      | Gained mutation: You have hoof-like feet. [demonic
                  | ancestry]
  6520 | D:7      | Reached XP level 9. HP: 64/66 MP: 17/17
  6698 | D:7      | Reached skill level 8 in Necromancy
  7199 | D:7      | Found an iron altar of Okawaru.
  9259 | D:9      | Reached * piety under Kikubaaqudgha
  9259 | D:9      | Received a gift from Kikubaaqudgha
  9888 | D:9      | Reached skill level 9 in Necromancy
  9899 | D:9      | Gained mutation: Your touch may inflict irresistible damage
                  | on your foes. [demonic ancestry]
  9899 | D:9      | Reached XP level 10. HP: 42/79 MP: 14/20
 11476 | D:9      | Found a bloodstained altar of Trog.
 11476 | D:9      | Found an ornate altar of the Wu Jian Council.
 11484 | D:9      | Found a shimmering altar of Xom.
 11486 | D:9      | Found a faded altar of an unknown god.
 11488 | D:9      | Found a stormy altar of Qazlal.
 11823 | D:10     | Entered Level 10 of the Dungeon
 12134 | D:10     | Noticed a two-headed ogre
 12324 | D:10     | Killed a two-headed ogre
 12499 | D:10     | Reached skill level 10 in Necromancy
 12622 | D:10     | Learned a level 4 spell: Animate Dead
 12628 | D:10     | Learned a level 5 spell: Curse of Agony
 12633 | D:10     | Learned a level 4 spell: Dispel Undead
 12645 | D:10     | Found a staircase to the Lair.
 12882 | D:10     | Learned a level 2 spell: Sublimation of Blood
 13203 | D:10     | Gained mutation: You may rarely emit foul miasma when
                  | damaged in melee. [demonic ancestry]
 13203 | D:10     | Reached XP level 11. HP: 63/87 MP: 23/23
 13220 | D:10     | Reached ** piety under Kikubaaqudgha
 13746 | D:10     | Found a shimmering blue altar of Sif Muna.
 14383 | D:10     | Noticed Urug
 14392 | D:10     | Noticed a two-headed ogre
 14724 | D:10     | Killed a two-headed ogre
 14725 | D:10     | Reached skill level 11 in Necromancy
 15313 | Lair:1   | Entered Level 1 of the Lair of Beasts
 16275 | Lair:1   | Noticed a death yak
 17087 | Lair:2   | Noticed a skyshark
 17089 | Lair:2   | Noticed Maggie
 17098 | Lair:2   | Killed a skyshark
 17309 | Lair:2   | Killed Maggie
 17788 | Lair:2   | Noticed a catoblepas
 17811 | Lair:2   | Killed a catoblepas
 17812 | Lair:2   | Gained mutation: You punish those that try to bend your
                  | will. (Will+) [demonic ancestry]
 17812 | Lair:2   | Reached XP level 12. HP: 92/97 MP: 20/25
 18286 | Lair:2   | Reached skill level 10 in Fighting
 18668 | Lair:2   | Found a staircase to the Shoals.
 18681 | Lair:2   | Drowned by a water elemental

Illustrated notes

Levels and vault maps discovered:
D:1:      dpeg_arrival_pond, layout_rooms, minivault_26
D:2:      layout_loops_ring
D:3:      layout_basic, tso_metal_star
D:4:      layout_basic, mainiacjoe_overflow_catwalk
D:5:      layout_basic, uniq_prince_ribbit1
D:6:      layout_basic, dancing_weapons_uskayaw, nemelex_spade_bored_becter,
          minmay_temple_entry_hall, grunt_decor_junction, minmay_strange_pillars
D:7:      cheibrodos_steamvent, layout_loops_cross, mainiacjoe_overflow_alcove_4
D:8:      layout_basic
D:9:      layout_irregular_city, chequers_temple_overflow_minitemple,
          grunt_decor_resistance
D:10:     layout_rooms, lemuel_blue_sif_altar, nicolae_hepliaklqana_hippocampus,
          erik_lair_dragon, enter_bailey_2, uniq_urug
Temple:   nicolae_temple_bog_church
Lair:1:   dreamdust_isle_of_ice, layout_regular_city, grunt_megastairs_5,
          lemuel_fruit_fields, lemuel_fruit_tree
Lair:2:   layout_hall_layers, minmay_shoals_entry_hut, serial_bayou_shore_a,
          uniq_maggie

Skill      XL: |  1  2  3  4  5  6  7  8  9 10 11 12 |
---------------+-------------------------------------+-----
Dodging        | 2 3 4 5 6 8 9 |  9.5
Stealth        | 2 |  2.0
Fighting       | 1 2 3 4 5 7 8 9 10 | 10.0
Necromancy     | 5 6 7 9 10 11 | 11.9
Spellcasting   | 3 4 5 6 8 9 |  9.6
Shields        | |  0.3

Action                     |  1- 3 |  4- 6 |  7- 9 | 10-12 || total
---------------------------+-------+-------+-------+-------++-------
  Melee: Dagger            |    12 |       |       |       ||    12
         Punch             |     1 |       |     2 |     3 ||     6
         Spear             |    11 |     6 |       |       ||    17
         Touch             |     2 |     3 |    28 |    34 ||    67
         Short sword       |       |    11 |    47 |       ||    58
         Tailslap          |       |     1 |    22 |    45 ||    68
         Kick              |       |       |    31 |   105 ||   136
         Mace              |       |       |    78 |   209 ||   287
         Whip              |       |       |       |    16 ||    16
   Cast: Necrotise         |    65 |    92 |    54 |    43 ||   254
         Vampiric Draining |       |     6 |    78 |   145 ||   229
         Dispel Undead     |       |       |       |     5 ||     5
         Curse of Agony    |       |       |       |     4 ||     4
         Animate Dead      |       |       |       |     3 ||     3
    Use: Potion            |       |       |       |     9 ||     9
         Scroll            |       |       |       |    17 ||    17
   Stab: Paralysed         |     1 |     6 |    13 |    40 ||    60
         Sleeping          |       |       |     1 |     1 ||     2
         Petrified         |       |       |       |     4 ||     4
 Armour: Robe              |    13 |    20 |   105 |   232 ||   370
  Dodge: Dodged            |    19 |    19 |   113 |   255 ||   406
  Block: Buckler           |       |       |       |    20 ||    20
